 Dungeon Crawl Stone Soup version 0.31-a0-240-gb923e448b6 (webtiles) character file.

Game seed: 2111355644938972091

400 qw the Shooter (level 6, -1/37 HPs)
             Began as a Gargoyle Hexslinger on July 11, 2023.
             Frozen to death by an endoplasm (2 damage)
             ... on level 3 of the Dungeon.
             The game lasted 00:01:10 (2272 turns).

qw the Shooter (Gargoyle Hexslinger)                Turns: 2272, Time: 00:01:10

Health: -1/37      AC:  9    Str: 12    XL:     6   Next: 84%
Magic:  7/7        EV: 10    Int: 13    God:
Gold:   163        SH:  0    Dex: 14    Spells: 6/7 levels left

rFire   . . .        Y - +2 sling
rCold   . . .        (no shield)
rNeg    + . .        d - +0 ring mail
rPois   inf          (no helmet)
rElec   +            (no cloak)
rCorr   .            (no gloves)
SInv    .            (no boots)
Will    .....        (no amulet)
Stlth   +            (no ring)
HPRegen 0.26/turn    (no ring)
MPRegen 0.10/turn

%: no passive effects
@: no status effects
A: sickness immunity, AC +4, negative energy resistance 1, electricity
resistance, torment resistance 1, petrification resistance
a: no special abilities


You were on level 3 of the Dungeon.
You visited 1 branch of the dungeon, and saw 4 of its levels.

You collected 163 gold pieces.


Innate Abilities, Weirdness & Mutations

You are immune to sickness and miasma.
Your stone body is resilient. (AC +4)
You are immune to poison.
You resist negative energy. (rN+)
You are resistant to electric shocks. (rElec)
You are resistant to unholy torment.
You are immune to petrification.


   Skills:
 + Level 3.2 Fighting
 - Level 6.1 Ranged Weapons
 - Level 1.9 Armour
 - Level 1.5 Dodging
 - Level 1.0 Spellcasting
 - Level 2.6 Hexes


You had 6 spell levels left.
You knew the following spells:

 Your Spells              Type           Power      Damage    Failure   Level
a - Slow                  Hex            28%        N/A       21%         1

Your spell library contained the following spells:

 Spells                   Type           Power      Damage    Failure   Level
 Inner Flame              Hex/Fire       4%         N/A       71%         3
 Portal Projectile        Hex/Tloc       8%         N/A       71%         3
 Cause Fear               Hex            3%         N/A       90%         4

Inventory:

Hand Weapons
 Y - a +2 sling (weapon)
Armour
 d - a +0 ring mail (worn)
Potions
 a - a potion of haste {unknown}
 c - a potion of berserk rage {unknown}
 e - a potion of resistance {unknown}
 h - a potion of lignification {unknown}

Dungeon Overview and Level Annotations

Branches:
Dungeon (4/15)
 Temple: D:4-7

Altars:
Zin

Shops:
D:4 [


Message History

The endoplasm freezes you.
You are frozen.
The endoplasm freezes you.
You are frozen.
The gnoll hits you from afar with a +2 spear of venom!
2266 ||| STAIRDANCE The quokka closely misses you.
The endoplasm freezes you.
You are frozen.
The endoplasm closely misses you.
The gnoll hits you from afar with a +2 spear of venom.
You climb upwards.
There is a stone staircase leading down here.
You shoot a sling bullet. The sling bullet hits the endoplasm.
The endoplasm is heavily wounded.
The quokka closely misses you. The endoplasm freezes you.
You are frozen.
The endoplasm freezes you.
You are frozen.
You shoot a sling bullet.
The sling bullet hits the endoplasm but does no damage.
The endoplasm is heavily wounded.
The quokka bites you but does no damage.
The endoplasm completely misses you.
The endoplasm hits you but does no damage.
The quokka closely misses you.
You shoot a sling bullet. The sling bullet hits the endoplasm!
You kill the endoplasm!
The endoplasm hits you but does no damage.
The quokka bites you but does no damage.
You shoot a sling bullet. The sling bullet hits the quokka.
The quokka is heavily wounded.
The quokka barely misses you. The endoplasm hits you.
The quokka bites you but does no damage.
You shoot a sling bullet.
The sling bullet barely misses the quokka.
The endoplasm hits you. The quokka closely misses you.
The endoplasm freezes you.
You are frozen.
You die...

...#####
#..#.###.........#
.?.....#
#..#.#...#.#######
.......######.#.#...#.#
.......'..# #...#.#<#.#
.......##.# #.....###.#
.......##.###.....###.###
.......##.....#.....#...#
.......########J[##.###.#
.......# #)@r....#.#
.......# #[###.#.#.#
.......# #.....#.#.#
######## #########.#.#
#.........#.#
#.#########.# #.#
#.......# #.# #.#######
#.# #.#


You could see an endoplasm and a quokka.

Vanquished Creatures
  Sigmund (D:3)
  Natasha (thrice) (D:2)
  An orc wizard (D:3)
  5 adders
  3 worms
  4 dart slugs
  6 orcs (D:3)
  10 ball pythons
  4 endoplasms
  2 giant cockroaches (D:1)
  5 goblins
  5 hobgoblins
  12 jackals
  2 quokkas
  7 bats
  3 frilled lizards (D:1)
  3 kobolds
  9 rats
85 creatures vanquished.

Notes
Turn   | Place    | Note
-------+----------+-------------------------------------------
     0 | D:1      | qw the Gargoyle Hexslinger began the quest for the Orb.
     0 | D:1      | Reached XP level 1. HP: 12/12 MP: 2/2
     0 | D:1      | 0 ||| qw: Version: 0.3-a-52-g30416fa
     0 | D:1      | 0 ||| qw: Game counter: 6102
     0 | D:1      | 0 ||| qw: Melee chars always use a shield: true
     0 | D:1      | 0 ||| qw: God list: Okawaru
     0 | D:1      | 0 ||| qw: Allow faded altars: false
     0 | D:1      | 0 ||| qw: Do Orc after clearing Dungeon:15 true
     0 | D:1      | 0 ||| qw: Do second Lair branch before Depths: true
     0 | D:1      | 0 ||| qw: Lair rune preference: random
     0 | D:1      | 0 ||| qw: Goals: Normal
     0 | D:1      | 0 ||| PLANNING D:1-11
     1 | D:1      | Noticed an electric eel
     8 | D:1      | 8 ||| DROPPING scroll of poison.
   133 | D:1      | Reached XP level 2. HP: 16/16 MP: 3/3
   192 | D:1      | Reached skill level 3 in Ranged Weapons
   379 | D:1      | Reached XP level 3. HP: 18/21 MP: 4/4
   560 | D:1      | 560 ||| UPGRADING to +0 ring mail.
   570 | D:1      | 570 ||| DROPPING +0 robe.
   571 | D:1      | 571 ||| DROPPING ring of flight.
   572 | D:1      | 572 ||| READING 2 scrolls labelled LAGOPP PUFU.
   573 | D:1      | 573 ||| READING scroll labelled NEMNUE ZUPOW.
   574 | D:1      | 574 ||| READING scroll labelled ORI LEUDIRUSOTT.
   575 | D:1      | 575 ||| DRINKING 2 fuming sapphire potions.
   576 | D:1      | 576 ||| DROPPING scroll of fear.
   688 | D:2      | 688 ||| FLEEEEING.
   697 | D:2      | 697 ||| STAIRDANCE
   747 | D:2      | Found a glowing silver altar of Zin.
   845 | D:2      | Noticed Natasha
   851 | D:2      | Killed Natasha
   852 | D:2      | Reached skill level 4 in Ranged Weapons
   852 | D:2      | Reached XP level 4. HP: 24/26 MP: 5/5
   902 | D:2      | Noticed Natasha
   903 | D:2      | 903 ||| FLEEEEING.
   904 | D:2      | 904 ||| FLEEEEING.
   926 | D:2      | Killed Natasha
   927 | D:2      | Reached skill level 1 in Armour
  1003 | D:2      | Reached XP level 5. HP: 25/30 MP: 6/6
  1135 | D:2      | Found a faded altar of an unknown god.
  1193 | D:2      | Noticed Natasha
  1197 | D:2      | Killed Natasha
  1414 | D:2      | 1414 ||| READING 2 scrolls labelled QUDGHE PIYNUAKE.
  1415 | D:2      | 1415 ||| READING scroll labelled DILEBR UXTAG.
  1419 | D:2      | 1419 ||| READING scroll labelled FISTRI JIEKHU.
  1420 | D:2      | 1420 ||| DROPPING scroll of immolation.
  1503 | D:3      | Noticed Sigmund
  1514 | D:3      | HP: 6/30 [Sigmund/puff of flame (10)]
  1515 | D:3      | 1515 ||| DRINKING 2 potions of heal wounds.
  1521 | D:3      | Killed Sigmund
  1522 | D:3      | Reached skill level 6 in Ranged Weapons
  1522 | D:3      | Reached XP level 6. HP: 13/35 MP: 7/7
  1733 | D:3      | 1733 ||| Stepping ~*~*~tactically~*~*~ (outnumbered).
  2121 | D:3      | 2121 ||| READING scroll labelled MOXUYXINOT.
  2143 | D:4      | Found Nyanec's Armour Boutique.
  2149 | D:4      | 2149 ||| STAIRDANCE
  2164 | D:3      | HP: 6/36 [something/puff of flame (9)]
  2165 | D:3      | 2165 ||| DRINKING potion of heal wounds.
  2184 | D:3      | Reached skill level 3 in Fighting
  2266 | D:4      | 2266 ||| STAIRDANCE
  2268 | D:3      | HP: 8/37 [frozen (4)]
  2271 | D:3      | HP: 2/37 [endoplasm (3)]
  2272 | D:3      | Frozen to death by an endoplasm

Levels and vault maps discovered:
D:1:      arrival_aquarium_a, layout_rooms, supply_closet_lemuel, st_stairs_6
D:2:      layout_basic, basic_altar, shapermc_ecumenical_altar_mp_highgroup,
          small_statue_intersection, moated_statue, uniq_natasha
D:3:      layout_basic, uniq_sigmund
D:4:      layout_rooms, minmay_temple_entry_from_below_a,
          minmay_shop_grid_forest, kennysheep_generic_room_4

Skill      XL: |  1  2  3  4  5  6 |
---------------+-------------------+-----
Ranged Weapons | 3 4 6 |  6.1
Fighting       | 2 3 |  3.2
Armour         | 1 |  1.9
Dodging        | |  1.5
Spellcasting   | |  1.0
Hexes          | |  2.6

Action                     |  1- 3 |  4- 6 || total
---------------------------+-------+-------++-------
   Fire: Sling             |   107 |   197 ||   304
    Use: Scroll            |     3 |     4 ||     7
         Potion            |     1 |     2 ||     3
 Armour: Robe              |    20 |       ||    20
         Ring mail         |     6 |   130 ||   136
  Dodge: Dodged            |    46 |   107 ||   153

Table legend:
 A = Non-vault XP
 B = Vault XP
 C = Vault XP percentage of total XP
 D = Non-vault monster count
 E = Vault monster count
 F = Vault count percentage of total count
                 A         B        C        D         E       F
            +---------+---------+-------+---------+---------+-------
      Total |     319 |     253 |  44.2 |      81 |       4 |   4.7
            +---------+---------+-------+---------+---------+-------
        D:1 |      44 |       4 |   8.3 |      28 |       2 |   6.7
        D:2 |     158 |      35 |  18.1 |      27 |       1 |   3.6
        D:3 |     115 |     214 |  65.0 |      25 |       1 |   3.8
        D:4 |       2 |       0 |   0.0 |       1 |       0 |   0.0
            +---------+---------+-------+---------+---------+-------
